Map: Central Protocol

Players

HyuN

  • Race: Zerg Zerg

Miniraser - Winner!

  • Race: Zerg Zerg
  • League: Master

Event: Homestory Cup XII

VOD

Have the link to the VOD?

Description

Time

  • Played on: Dec. 18, 2015, 8:28 a.m.
  • Length: 8:09

All games in this series

Show
View Real Time Build Order
Export as new Build Order

HyuN Zerg 

Build Orders: Pool Only 

Get SALT Encoding   

  12  0:00  Drone  
  13  0:15  Extractor  
  12  0:24  Spawning Pool  
  11  0:28  Drone  
  11  0:33  Drone  
  13  0:40  Drone  
  14  0:49  Overlord  
  14  1:11  Zergling x2, Queen  
  14  1:17  Metabolic Boost  
  17  1:23  Zergling x2  
  18  1:27  Zergling x2  
  19  1:36  Baneling Nest  
  18  1:42  Zergling x2  
  18  1:46  Zergling x2  
  20  1:54  Overlord  
  20  2:00  Zergling x2  
  21  2:06  Zergling x2  
  22  2:18  Zergling x2  
  22  2:20  Zergling x4  
  25  2:25  Zergling x2  
  26  2:33  Baneling  
  26  2:34  Baneling x3  
  26  2:39  Zergling x2  
  27  2:52  Zergling x6  
  10  3:12  Zergling x2  
  10  3:13  Zergling x2  
  10  3:18  Zergling x2  
Show
View Real Time Build Order
Export as new Build Order

Miniraser Zerg - Winner!

Build Orders: Pool Only 

Get SALT Encoding   

  12  0:01  Drone  
  13  0:18  Extractor  
  13  0:19  Drone  
  13  0:28  Spawning Pool  
  13  0:32  Drone  
  13  0:38  Drone  
  14  0:49  Overlord  
  14  0:54  Drone, Extractor  
  15  1:16  Zergling x6  
  18  1:19  Queen  
  20  1:27  Metabolic Boost  
  20  1:31  Zergling x2  
  21  1:38  Zergling x2  
  22  1:45  Baneling Nest  
  21  1:48  Zergling x2  
  22  2:03  Overlord  
  22  2:23  Zergling x4  
  22  2:29  Zergling x6  
  27  2:30  Baneling  
  27  2:31  Baneling x2  
  27  2:32  Baneling  
  27  2:33  Zergling x2  
  28  2:44  Baneling  
  28  2:47  Zergling x2  
  29  2:56  Spine Crawler  
  25  3:08  Zergling x2  
  11  3:13  Zergling x4  
  11  3:14  Zergling x2  
  6  3:35  Baneling  
  6  4:02  Baneling  
Tags
 
Add a new tag
Caveats
  • Supply blocks, unpowered buildings, or Contaminate may cause inaccurate times.
  • Supply counts are checked every 10 seconds.